 Dungeon Crawl Stone Soup version 0.31-a0-496-g6f97920a28 (webtiles) character file.

Game seed: 10804283554617086375

11 jasper the Stinger (level 2, -1/13 HPs)
             Began as a Spriggan Venom Mage on Aug 8, 2023.
             Slain by a worm (7 damage)
             ... on level 2 of the Dungeon.
             The game lasted 00:01:32 (1095 turns).

jasper the Stinger (Spriggan Venom Mage)            Turns: 1095, Time: 00:01:32

Health: -1/13      AC:  4    Str:  4    XL:     2   Next: 13%
Magic:  0/7        EV: 17    Int: 16    God:
Gold:   117        SH:  0    Dex: 15    Spells: 4/7 levels left

rFire   . . .        h - +0 spear (vamp)
rCold   . . .        (no shield)
rNeg    . . .        a - +0 robe
rPois   .            (helmet restricted)
rElec   .            i - +1 cloak
rCorr   .            (gloves unavailable)
SInv    +            (boots unavailable)
Will    .....        (no amulet)
Stlth   ++           (no ring)
HPRegen 0.22/turn    (no ring)
MPRegen 0.10/turn

%: no passive effects
@: very quick
A: very small, no large weapons, unfitting armour, see invisible, speed 3
a: no special abilities


You were on level 2 of the Dungeon.
You visited 1 branch of the dungeon, and saw 2 of its levels.

You collected 117 gold pieces.

Inventory:

Hand Weapons
 e - a +0 dagger
 h - a +0 vampiric spear (weapon)
Armour
 a - a +0 robe (worn)
 i - a +1 cloak (worn)
Potions
 b - a potion of magic
 c - 2 potions of degeneration {unknown}
 d - a potion of curing {unknown}


   Skills:
 - Level 2.6 Dodging
 - Level 3.0 Stealth
 + Level 3.2 Spellcasting
 - Level 1.3 Transmutations
 + Level 3.3 Poison Magic


You had 4 spell levels left.
You knew the following spells:

 Your Spells              Type           Power      Damage    Failure   Level
a - Sting                 Tmut/Pois      40%        1d5       7%          1
b - Poisonous Vapours     Pois/Air       14%        N/A       14%         2

Your spell library contained the following spells:

 Spells                   Type           Power      Damage    Failure   Level
 Mephitic Cloud           Conj/Pois/Air  6%         N/A       34%         3
 Olgreb's Toxic Radiance  Pois           13%        N/A       43%         4


Dungeon Overview and Level Annotations

Branches:
Dungeon (2/15)

Altars:


Innate Abilities, Weirdness & Mutations

You are very small and have problems with some larger weapons.
You are too small for most types of armour.
You have supernaturally acute eyesight. (SInv)
You cover ground extremely quickly. (Speed+++)


Message History

A worm is nearby!
Aiming: Sting (safe; 7% risk of failure)
Press: ? - help, Q - select action, (/) - cycle Shift-Dir - straight line, f - you, p - worm
Okay, then.
A worm is nearby!
A worm is nearby!
You start resting.
A worm is nearby!
Aiming: Sting (safe; 7% risk of failure)
Press: ? - help, Q - select action, (/) - cycle Shift-Dir - straight line, f - worm
Aim: a worm (lightly wounded, 90% to hit)
The sting misses the worm.
You now have 3/7 mp.
Aiming: Sting (safe; 7% risk of failure)
Press: ? - help, Q - select action, (/) - cycle Shift-Dir - straight line, f/p - worm
Aim: a worm (lightly wounded, 90% to hit)
The sting hits the worm.
The worm is poisoned.
The worm is lightly wounded.
You now have 2/7 mp.
Aiming: Sting (safe; 7% risk of failure)
Press: ? - help, Q - select action, (/) - cycle Shift-Dir - straight line, f/p - worm
Aim: a worm (lightly wounded, poisoned, 90% to hit)
The sting hits the worm.
The worm looks even sicker.
The worm is moderately wounded.
Aiming: Sting (safe; 7% risk of failure)
Press: ? - help, Q - select action, (/) - cycle Shift-Dir - straight line, f/p - worm
Aim: a worm (moderately wounded, very poisoned, 90% to hit)
The sting hits the worm.
The worm looks even sicker.
The worm is heavily wounded.
The worm bites you!
Ouch! That really hurt!
You take 8 damage, and have 5/13 hp.
MASSIVE DAMAGE!!
You now have 1/7 mp.
Aiming: Sting (safe; 7% risk of failure)
Press: ? - help, Q - select action, (/) - cycle Shift-Dir - straight line, f/p - worm
Aim: a worm (heavily wounded, very poisoned, 90% to hit)
The sting hits the worm.
The worm looks as sick as possible!
The worm is severely wounded.
The worm bites you!
Ouch! That really hurt!
You die...

.........#..#
........##..#
.........#..####
................#
#.>.##.#.##.###.####
######.....†.......#
### ###.###.##.##.#
..# #.....#.##.##.#
#.# #.....#....@w.#
# #.....#..####.#
#.....#..####.#
#.....#.......#
....####.##†#.#
####.# ...##.#.#
#.##........#
........###
......w..#


You could see a worm (extremely poisoned).

Vanquished Creatures
  A bat (D:1)
  An endoplasm (D:1)
  A goblin (D:1)
  A quokka (D:1)
  3 ball pythons
  A frilled lizard (D:1)
  A kobold (D:1)
  A rat (D:2)
10 creatures vanquished.

Notes
Turn   | Place    | Note
-------+----------+-------------------------------------------
     0 | D:1      | jasper the Spriggan Venom Mage began the quest for the Orb.
     0 | D:1      | Reached XP level 1. HP: 9/9 MP: 5/5
   402 | D:1      | Reached XP level 2. HP: 6/13 MP: 4/7
   405 | D:1      | Learned a level 2 spell: Poisonous Vapours
  1095 | D:2      | Slain by a worm

Illustrated notes

Levels and vault maps discovered:
D:1:      wander_arrival_estate, layout_basic
D:2:      layout_loops_cross, minmay_fractal_squares_5

Skill      XL: |  1 |
---------------+----+-----
Spellcasting   | 3 |  3.2
Dodging        | |  2.6
Stealth        | |  3.0
Transmutations | |  1.3
Poison Magic   | |  3.3

Action                     || total
---------------------------++-------
  Melee: Spear             ||     8
         Dagger            ||     1
   Cast: Sting             ||    16
         Poisonous Vapours ||     5
    Use: Scroll            ||     2
   Stab: Sleeping          ||     2
  Dodge: Dodged            ||     5

Table legend: (Time is in decaauts)
 A = Elapsed time spent in this place.
 B = Non-inter-level travel time spent in this place.
 C = Inter-level travel time spent in this place.
 D = Time resting spent in this place.
 E = Time spent auto-exploring this place.
 F = Levels seen in this place.
 G = Mean time per level.
                   A        B        C        D        E       F      G
               +--------+--------+--------+--------+--------+-----+--------+
         Total |    761 |    676 |     85 |     14 |    584 |   2 |  380.5 |
       Dungeon |    761 |    676 |     85 |     14 |    584 |   2 |  380.5 |
               +--------+--------+--------+--------+--------+-----+--------+

Top non-repeatable levels by time:
     D:1: 637 daAuts
     D:2: 124 daAuts
